 Dungeon Crawl Stone Soup version 0.29-a0-1008-g949cc1d0fb (webtiles) character file.

Game seed: 1254851887146519174

127415 siradein the Warrior (level 16, -56/134 HPs)
             Began as a Minotaur Hunter on Aug 6, 2022.
             Was the Champion of Hepliaklqana.
             Killed from afar by Nikola (67 damage)
             ... with an arc of chain lightning
             ... on level 3 of the Swamp on Aug 7, 2022.
             The game lasted 01:12:54 (27351 turns).

siradein the Warrior (Minotaur Hunter)             Turns: 27351, Time: 01:12:55

Health: -56/134    AC: 26    Str: 18    XL:     16   Next: 46%
Magic:  23/23      EV: 19    Int:  3    God:    Hepliaklqana [******]
Gold:   990        SH:  0    Dex: 21    Spells: 10/15 levels left

rFire   . . .      SeeInvis .   S - +5 arbalest (freeze)
rCold   . . .      Faith    .   (shield currently unavailable)
rNeg    . . .      Spirit   .   g - +5 scale mail of Lyufumib {Regen+}
rPois   +          Reflect  .   (helmet restricted)
rElec   .          Harm     .   B - +2 cloak
rCorr   .          Rampage  .   P - +3 Mad Mage's Maulers {Infuse+∞ RegenMP Int-3}
Will    ++...                   c - +2 pair of boots
Stlth   ++++......              q - amulet of the acrobat
HPRegen 1.12/turn               Y - ring of Plog {Str+3 Slay+4}
MPRegen 0.58/turn               K - ring of flight

@: flying
A: reduced essence, horns 2, retaliatory headbutt, strong-willed 1, poison
resistance, weak 1
a: Renounce Religion, Recall Ancestor, Ancestor Identity, Transference, Idealise


You were on level 3 of the Swamp.
You worshipped Hepliaklqana.
Hepliaklqana was exalted by your worship.
You visited 4 branches of the dungeon, and saw 25 of its levels.
You also visited: Sewer.

You collected 2754 gold pieces.
You spent 1764 gold pieces at shops.

Inventory:

Hand Weapons
 S - a +5 arbalest of freezing (weapon)
 V - a +4 longbow of flaming
 W - the +9 dagger of the Tomato {vamp, Drain rN+ Dex+2}
   (You found it on level 2 of the Swamp)

   It occasionally heals its wielder for a portion of the damage dealt when it
   wounds a living foe.
   Dex:       It affects your dexterity (+2).
   rN:        It protects you from negative energy.
   Drain:     It drains your maximum health when unequipped.
Missiles
 M - 7 throwing nets
Armour
 c - a +2 pair of boots (worn)
 g - the +5 scale mail of Lyufumib (worn) {Regen+}
   (You found it on level 10 of the Dungeon)

   Regen:     It increases your rate of health regeneration.
 B - a +2 cloak (worn)
 P - the +3 Mad Mage's Maulers (worn) {Infuse+∞ RegenMP Int-3}
   (You bought it in a shop on level 8 of the Dungeon)

   It empowers its wearer's blows with all of their magic.
   It causes its wearer's magical reserves to regenerate more quickly.
   Int:       It affects your intelligence (-3).
Jewellery
 q - an amulet of the acrobat (around neck)
 t - a ring of resist corrosion
 y - a ring of positive energy
 C - a ring of protection from fire
 K - a ring of flight (right hand)
 L - a ring of willpower
 X - a ring of protection from cold
 Y - the ring of Plog (left hand) {Str+3 Slay+4}
   (You bought it in a shop on level 7 of the Dungeon)

   [ring of slaying]

   Str:       It affects your strength (+3).
   Slay:      It affects your accuracy & damage with ranged weapons and melee
   (+4).
Wands
 a - a wand of digging (12)
 b - a wand of paralysis (25)
 i - a wand of polymorph (35)
 F - a wand of light (16)
 G - a wand of iceblast (19)
 H - a wand of flame (103)
 U - a wand of mindburst (6)
Scrolls
 d - a scroll of brand weapon
 j - a scroll of poison
 k - 6 scrolls of blinking
 n - 12 scrolls of teleportation
 o - 4 scrolls of fog
 p - 7 scrolls of magic mapping
 s - 2 scrolls of amnesia
 I - a scroll of enchant armour
 J - a scroll of silence
 N - a scroll of summoning
 Q - a scroll of torment
 T - a scroll of immolation
Potions
 e - 12 potions of curing
 f - 12 potions of brilliance
 h - 7 potions of heal wounds
 l - 4 potions of might
 m - 9 potions of mutation
 r - 6 potions of attraction
 u - 7 potions of lignification
 w - 2 potions of invisibility
 x - 4 potions of berserk rage {unknown}
 z - 3 potions of magic {unknown}
 A - 3 potions of cancellation
 D - 2 potions of ambrosia {unknown}
 E - 4 potions of flight {unknown}
Miscellaneous
 v - a tin of tremorstones (2/2)
 R - a phantom mirror


   Skills:
 + Level 15.0 Fighting
 + Level 14.3 Ranged Weapons
 + Level 14.0 Armour
 + Level 13.8 Dodging
 + Level 11.6 Stealth
 + Level 2.4 Hexes
 + Level 3.6 Translocations
 + Level 11.3 Invocations
 + Level 3.3 Evocations


You had 10 spell levels left.
You knew the following spells:

 Your Spells              Type           Power      Damage    Failure   Level
a - Passwall              Tmut/Erth      0%         N/A       91%         2
b - Portal Projectile     Hex/Tloc       2%         N/A       77%         3

Your spell library contained the following spells:

 Spells                   Type           Power      Damage    Failure   Level
 Ensorcelled Hibernation  Hex/Ice        0%         N/A       78%         2
 Magic Dart               Conj           0%         1d3       80%         1
 Confusing Touch          Hex            1%         N/A       85%         3
 Tukima's Dance           Hex            1%         N/A       85%         3
 Poisonous Vapours        Pois/Air       0%         N/A       91%         2
 Searing Ray              Conj           0%         2d4       91%         2
 Static Discharge         Conj/Air       0%         3-3/arc   91%         2
 Sublimation of Blood     Necr           0%         N/A       91%         2
 Wereblood                Tmut           0%         N/A       91%         2
 Dazzling Flash           Conj/Hex       0%         N/A       95%         3
 Passage of Golubria      Tloc           2%         N/A       97%         4
 Call Canine Familiar     Summ           0%         N/A       99%         3
 Swiftness                Air            0%         N/A       99%         3
 Animate Armour           Summ/Erth      0%         N/A       100%        4
 Animate Dead             Necr           0%         N/A       100%        4
 Corpse Rot               Necr/Pois/Air  0%         N/A       100%        4
 Fulminant Prism          Conj/Hex       0%         3d6       100%        4
 Hailstorm                Conj/Ice       0%         3d3       100%        4
 Ice Form                 Ice/Tmut       0%         N/A       100%        4
 Leda's Liquefaction      Hex/Erth       0%         N/A       100%        4
 Petrify                  Tmut/Erth      0%         N/A       100%        4
 Summon Lightning Spire   Summ/Air       0%         N/A       100%        4
 Agony                    Necr           0%         N/A       100%        5
 Alistair's Intoxication  Tmut/Pois      0%         N/A       100%        5
 Blade Hands              Tmut           0%         N/A       100%        5
 Borgnjor's Vile Clutch   Necr/Erth      0%         N/A       100%        5
 Fireball                 Conj/Fire      0%         3d3       100%        5
 Irradiate                Conj/Tmut      0%         3d11      100%        5
 Lightning Bolt           Conj/Air       0%         1d11      100%        5
 Silence                  Hex/Air        0%         N/A       100%        5
 Yara's Violent Unravell  Hex/Tmut       0%         3d3       100%        5
 Death Channel            Necr           0%         N/A       100%        6
 Eringya's Noxious Bog    Tmut/Pois      0%         N/A       100%        6
 Iron Shot                Conj/Erth      0%         9d1       100%        6
 Simulacrum               Ice/Necr       0%         N/A       100%        6
 Starburst                Conj/Fire      0%         6d3       100%        6
 Dragon Form              Tmut           0%         N/A       100%        7
 Enfeeble                 Hex            0%         N/A       100%        7
 Storm Form               Tmut/Air       0%         N/A       100%        7
 Summon Hydra             Summ           0%         N/A       100%        7
 Ignition                 Fire           0%         3d3       100%        8
 Maxwell's Capacitive Co  Air            0%         ∞         100%        8


Dungeon Overview and Level Annotations

Branches:
Dungeon (15/15)            Temple (0/1) D:5            Lair (5/5) D:9
  Swamp (3/4) Lair:2       Spider (0/4) Lair:3        Slime (0/5) Lair:5
    Orc (2/2) D:11            Elf (0/3) Orc:2        Vaults (0/5) D:14
 Depths (0/4) D:15          Sewer (visited)

Altars:
Cheibriados
Dithmenos
Gozag
Hepliaklqana
Qazlal
The Shining One

Shops:
D:1 ?   D:5 **   D:7 =   D:8 [[=(*   D:11 (   Orc:2 [*[*

Annotations:
Swamp:3 Bai Suzhen, Nikola


Innate Abilities, Weirdness & Mutations

Your life essence is reduced to manifest your ancestor. (-10% HP)
You have a pair of horns on your head.
You reflexively headbutt those who attack you in melee.
You are strong-willed. (Will+)
Your system is resistant to poisons. (rPois)
You are weak. (Str -2)


Message History

Phuoc Yu is destroyed!
A bolt of lightning appears from out of thin air!
The bolt of lightning hits Nikola!
The bolt of lightning hits you!!!
You are too injured to fight recklessly!
Unknown command.
You start resting.
Nikola is nearby!
Fire: S) +5 arbalest (freeze)
Press: ? - help, Q - select action, (/) - cycle Shift-Dir - straight line, f/p - Nikola
Aim: Nikola, wielding a +3 rapier of electrocution, wearing a +1 cloak of willpower and wearing a +0 pair of gloves (severely wounded, 78% to hit)
You shoot a bolt. The bolt closely misses Nikola.
Nikola casts a spell at you. The bolt of lightning hits you!
The mangrove smoulders and burns.
Fire: S) +5 arbalest (freeze)
Press: ? - help, Q - select action, (/) - cycle Shift-Dir - straight line, f/p - Nikola
Aim: Nikola, wielding a +3 rapier of electrocution, wearing a +1 cloak of willpower and wearing a +0 pair of gloves (severely wounded, 78% to hit)
You shoot a bolt. The bolt hits Nikola.
The bolt freezes Nikola.
Nikola is severely wounded.
You start resting.
Nikola is nearby!
Fire: S) +5 arbalest (freeze)
Press: ? - help, Q - select action, (/) - cycle Shift-Dir - straight line, f/p - Nikola
Aim: Nikola, wielding a +3 rapier of electrocution, wearing a +1 cloak of willpower and wearing a +0 pair of gloves (severely wounded, 78% to hit)
You shoot a bolt. The bolt hits Nikola!
The bolt freezes Nikola.
Nikola is almost dead.
Nikola gestures wildly while chanting.
Lightning arcs from Nikola's hands!
The bolt of lightning hits you!!!
* * * LOW HITPOINT WARNING * * *
A bolt of lightning appears from out of thin air!
The bolt of lightning hits Nikola!
Nikola yells, "Danger!
Danger!
High voltage!"
Fire: S) +5 arbalest (freeze)
Press: ? - help, Q - select action, (/) - cycle Shift-Dir - straight line, f/p - Nikola
Aim: Nikola, wielding a +3 rapier of electrocution, wearing a +1 cloak of willpower and wearing a +0 pair of gloves (almost dead, 78% to hit)
You shoot a bolt. The bolt hits Nikola.
The bolt freezes Nikola.
Nikola is almost dead.
Nikola casts a spell.
Lightning arcs from Nikola's hands!
The bolt of lightning hits you!!!
Ouch! That really hurt!
You die...

§.~~R~..~~~....~~~~.♣♣♣
~~RR~§~~~...~.@....~~.♣
RR.~~~..~♣.~~.~~♣~~...♣
..♣~~~~~.....~♣♣♣~..♣♣♣
♣♣~..~~~~~§..♣♣ ♣~~~.♣
♣.~..~~~~§~.♣♣♣~~~.♣
♣♣♣~~..~~~.~~.♣♣.~~~~♣
~.~~~~.~~~.~~.♣.....♣♣
...~...~§~~~~~@§@..~~♣
~~.~♣.~~~~~...~.§~.♣♣♣
~..♣ ♣..~~~~..[○♣♣♣♣
..♣♣ ♣♣♣♣.~~.~♣♣♣ )~...
♣♣~~~.♣ ~~~.~ ♣♣~..♣
~§.♣♣ ♣♣♣♣♣ ~..~♣ ~~~~.


You could see Nikola.

Vanquished Creatures
  Agnes (D:14)
  4 eleionomae
  Nessos (D:13)
  Snorg (Lair:3)
  A bunyip (Swamp:2)
  A dire elephant (Lair:5)
  2 fire dragons
  Josephine (Swamp:1)
  A rakshasa (D:15)
  Harold (Lair:2)
  2 boulder beetles
  6 hydras
  A catoblepas (Lair:5)
  2 ghost crabs
  Erolcha (D:13)
  An ogre mage (D:15)
  4 alligators
  8 two-headed ogres
  A death knight (D:14)
  3 centaur warriors (D:14)
  A tengu warrior (D:13)
  Urug (D:14)
  10 death yaks
  4 orc high priests
  3 goliath frogs
  2 spriggan druids
  3 swamp dragons
  A bog body (Swamp:1)
  2 deep elf pyromancers
  A wizard (D:15)
  2 orc sorcerers (Orc:2)
  Pikel (D:4)
  3 orc knights
  2 phantasmal warriors (D:14)
  6 manticores
  A salamander (shapeshifter) (D:13)
  7 ugly things
  A will-o-the-wisp (Swamp:3)
  An elephant (shapeshifter) (D:15)
  A cyclops (D:14)
  15 slime creatures
  4 black mambas
  A cane toad (shapeshifter) (D:14)
  2 cane toads (Lair:5)
  A torpor snail (Lair:3)
  Maggie (Lair:2)
  2 kobold demonologists (D:13)
  3 rime drakes
  An efreet (D:13)
  4 komodo dragons
  7 trolls
  2 freezing wraiths (D:14)
  2 meliai (D:14)
  3 bloated husks (Swamp:2)
  2 tyrant leeches
  4 hornets
  Grinder (D:3)
  7 dream sheep (Lair:5)
  11 blink frogs
  A jumping spider (shapeshifter) (D:13)
  A centaur simulacrum (D:14)
  5 wraiths
  3 wyverns
  5 spriggans
  5 humans (D:14)
  9 vampire mosquitoes
  22 yaks
  2 basilisks
  2 steam dragons
  A redback (D:13)
  2 wargs
  5 swamp worms
  12 water moccasins
  2 acid dragons (Lair:5)
  A sky beast (D:7)
  4 swamp drakes
  A black bear (shapeshifter) (D:13)
  An ice beast (D:8)
  2 black bears
  16 orc warriors
  29 wolves (Lair:5)
  7 ogres
  A boggart (D:13)
  A lemure (D:5)
  A phantom (D:4)
  5 kobold brigands
  8 bullfrogs
  4 scorpions
  2 killer bees (D:8)
  4 howler monkeys
  4 hounds
  A jelly (Lair:5)
  Crazy Yiuf (D:3)
  24 orc priests
  A gnoll bouda (D:7)
  Ijyb (D:5)
  7 iguanas
  3 hell rats (Lair:1)
  Terence (D:3)
  19 orc wizards
  Robin (D:3)
  11 adders
  9 gnolls
  9 river rats (Lair:1)
  An ufetubus (D:5)
  5 worms
  6 dart slugs
  39 orcs
  6 bats (D:1)
  7 endoplasms
  16 goblins
  9 hobgoblins
  3 jackals (D:1)
  29 kobolds
  7 quokkas
  13 ball pythons
  5 frilled lizards
  20 rats
591 creatures vanquished.

Vanquished Creatures (collateral kills)
  A very ugly thing (D:15)
  2 eleionomae
  A bunyip (Swamp:3)
  A great orb of eyes (D:15)
  Fannar (Lair:1)
  A boulder beetle (D:13)
  A spriggan air mage (Swamp:2)
  An ogre mage (D:15)
  A centaur warrior (D:15)
  6 hydras
  A catoblepas (Lair:5)
  4 two-headed ogres
  A tengu warrior (D:15)
  2 death yaks
  2 goliath frogs
  A spriggan druid (Swamp:1)
  A phantasmal warrior (D:14)
  A deep elf zephyrmancer (D:13)
  An oklob plant (Lair:3)
  A cyclops (D:13)
  An orc sorcerer (Orc:2)
  7 ugly things
  4 manticores
  2 elephants (Lair:5)
  A torpor snail (Lair:1)
  5 black mambas
  Maurice (D:10)
  A cane toad (Lair:1)
  A gargoyle (D:14)
  A kobold demonologist (D:14)
  An unseen horror (D:12)
  A yaktaur (D:13)
  A freezing wraith (D:14)
  3 komodo dragons
  3 trolls
  3 tyrant leeches
  A meliai (D:14)
  2 hornets
  2 dream sheep (Lair:5)
  5 blink frogs
  7 slime creatures
  A spriggan (Swamp:1)
  2 shadows
  A vampire (D:12)
  2 wraiths (Swamp:1)
  11 yaks
  A redback (Lair:3)
  11 humans (D:14)
  4 vampire mosquitoes
  4 steam dragons
  2 swamp worms (Swamp:1)
  A water moccasin (D:6)
  An acid dragon (D:11)
  2 swamp drakes (Lair:5)
  4 orc warriors
  An ogre (Orc:1)
  4 wolves (Lair:5)
  A centaur (D:5)
  4 kobold brigands
  A necrophage (D:4)
  5 bullfrogs
  A gnoll sergeant (D:8)
  4 wights (D:10)
  2 killer bees (D:8)
  2 howler monkeys (D:11)
  A jelly (D:5)
  3 orc priests
  A hound (D:7)
  2 iguanas
  8 orc wizards
  5 hell rats (Lair:1)
  4 gnolls
  2 adders
  6 river rats (Lair:1)
  14 orcs
  5 kobolds
  3 quokkas (Lair:1)
  A ball python (D:4)
  5 rats (Lair:1)
  A butterfly (Lair:1)
217 creatures vanquished.

Vanquished Creatures (others)
  25 knights
  5 ancestors
  An orc (Orc:1)
  2 foxfires (Swamp:3)
  18 fungi
  32 plants
83 creatures vanquished.

Grand Total: 891 creatures vanquished

Notes
Turn   | Place    | Note
-------+----------+-------------------------------------------
     0 | D:1      | siradein the Minotaur Hunter began the quest for the Orb.
     0 | D:1      | Reached XP level 1. HP: 18/18 MP: 0/0
    70 | D:1      | Reached skill level 1 in Stealth
   181 | D:1      | Reached XP level 2. HP: 25/25 MP: 1/1
   343 | D:1      | Found Doveoxa's Magic Scroll Shop.
   414 | D:1      | Bought a scroll of identify for 26 gold pieces
   442 | D:1      | Reached skill level 3 in Fighting
   547 | D:1      | Reached XP level 3. HP: 31/31 MP: 2/2
  1512 | D:2      | Found a hazy altar of Hepliaklqana.
  1588 | D:2      | Reached XP level 4. HP: 31/38 MP: 3/3
  1626 | D:2      | Became a worshipper of Hepliaklqana the Forgotten
  2431 | D:3      | Reached skill level 5 in Ranged Weapons
  2530 | D:3      | Noticed Grinder
  2545 | D:3      | Killed Grinder
  2546 | D:3      | Reached skill level 4 in Fighting
  2546 | D:3      | Reached XP level 5. HP: 29/47 MP: 4/4
  2546 | D:3      | Reached XP level 6. HP: 32/53 MP: 5/5
  2723 | D:3      | Noticed Robin
  2753 | D:3      | Killed Robin
  2856 | D:3      | Noticed Terence
  2867 | D:3      | Killed Terence
  3072 | D:3      | Found a runed translucent door.
  3073 | D:3      | Noticed Crazy Yiuf
  3166 | D:4      | Found a glowing golden altar of the Shining One.
  3431 | D:4      | Found a glowing drain.
  3435 | Sewer    | Entered a sewer
  3534 | Sewer    | Reached skill level 5 in Fighting
  3534 | Sewer    | Reached XP level 7. HP: 17/61 MP: 6/6
  4176 | D:4      | Upgraded the game from 0.29-a0-998-g1987434951 to
                  | 0.29-a0-1006-g0dd7720b37
  4196 | D:4      | Reached * piety under Hepliaklqana
  4423 | D:4      | Reached skill level 5 in Dodging
  5144 | D:4      | Found an opulent altar of Gozag.
  5144 | D:4      | Found a stormy altar of Qazlal.
  5322 | D:5      | Entered Level 5 of the Dungeon
  5409 | D:4      | Reached skill level 1 in Armour
  5439 | D:4      | Reached XP level 8. HP: 59/63 MP: 7/7
  5471 | D:5      | Noticed Ijyb
  5484 | D:5      | Killed Ijyb
  5485 | D:5      | Reached skill level 6 in Fighting
  5488 | D:5      | Noticed Pikel
  5659 | D:4      | Gained mutation: You are strong-willed. (Will+) [potion of
                  | mutation]
  5659 | D:4      | Gained mutation: Your system is resistant to poisons.
                  | (rPois) [potion of mutation]
  5659 | D:4      | Gained mutation: You are weak. (Str -2) [potion of
                  | mutation]
  5673 | D:4      | Killed Pikel
  5973 | D:5      | Found a staircase to the Ecumenical Temple.
  6552 | D:5      | Found Coinnaas's General Store.
  6563 | D:5      | Found Bievin's Specific Store.
  6584 | D:5      | Reached skill level 7 in Fighting
  6630 | D:5      | Reached skill level 5 in Stealth
  6693 | D:5      | Reached ** piety under Hepliaklqana
  6694 | D:5      | Remembered your ancestor Phuoc Yu as a knight
  6760 | D:6      | Reached XP level 9. HP: 71/71 MP: 8/8
  7498 | D:7      | Reached skill level 1 in Invocations
  7814 | D:7      | Reached *** piety under Hepliaklqana
  8019 | D:7      | Reached skill level 5 in Armour
  8188 | D:7      | Found a snail-covered altar of Cheibriados.
  8197 | D:7      | Found Xijeny's Jewellery Shoppe.
  8419 | D:8      | Found Egaehaza's Antique Weapon Emporium.
  8426 | D:8      | Bought a glowing shortbow for 174 gold pieces
  8436 | D:8      | Found Dyzol's Jewellery Emporium.
  8484 | D:8      | Reached skill level 8 in Fighting
  8975 | D:8      | Found Mekoboe's Armour Shop.
  9197 | D:8      | Found Lutzeam's Assorted Antiques.
  9244 | D:8      | Found Buuwukux's Armour Shop.
  9643 | D:9      | Noticed a two-headed ogre
  9651 | D:9      | Killed a two-headed ogre
  9652 | D:9      | Reached XP level 10. HP: 81/81 MP: 11/11
  9719 | D:9      | Noticed a death yak
  9864 | D:9      | Noticed a death yak
  9865 | D:9      | Noticed a death yak
  9891 | D:9      | Noticed a death yak
  9940 | D:9      | Reached **** piety under Hepliaklqana
 10296 | D:9      | Reached skill level 9 in Fighting
 10459 | D:9      | Found a staircase to the Lair.
 10638 | D:9      | Noticed a death yak
 10640 | D:9      | Killed a death yak
 10961 | D:10     | Entered Level 10 of the Dungeon
 11055 | D:10     | Identified the +5 scale mail of Lyufumib {Regen+}
 11241 | D:10     | Noticed Maurice
 11274 | D:10     | Killed Maurice
 11361 | D:10     | Reached XP level 11. HP: 87/87 MP: 13/13
 11466 | D:10     | Noticed a two-headed ogre
 11474 | D:10     | Killed a two-headed ogre
 11647 | D:10     | Reached skill level 5 in Invocations
 11861 | D:10     | Noticed a boulder beetle
 11892 | D:10     | Killed a boulder beetle
 12090 | D:11     | Noticed a boulder beetle
 12118 | D:11     | Killed a boulder beetle
 12119 | D:11     | Reached skill level 10 in Fighting
 12144 | D:11     | Noticed a green ugly thing
 12168 | D:11     | Killed a green ugly thing
 12193 | D:11     | Found Fopizad's Weapon Emporium.
 12262 | D:11     | Found a staircase to the Orcish Mines.
 12265 | D:11     | Noticed a four-headed hydra
 12287 | D:11     | Killed a four-headed hydra
 12288 | D:11     | Reached skill level 10 in Ranged Weapons
 12596 | D:11     | Noticed a two-headed ogre
 12608 | D:11     | Killed a two-headed ogre
 12767 | Lair:1   | Entered Level 1 of the Lair of Beasts
 13453 | D:9      | Killed a death yak
 13455 | D:9      | Noticed a death yak
 13590 | D:9      | Killed a death yak
 13596 | D:9      | Killed a death yak
 13659 | D:9      | Killed a death yak
 13660 | D:9      | Reached XP level 12. HP: 97/97 MP: 15/15
 13664 | D:9      | Killed a death yak
 14348 | Lair:1   | Reached skill level 11 in Fighting
 14364 | Lair:1   | Reached skill level 10 in Dodging
 14473 | Lair:1   | Noticed Fannar
 14506 | Lair:1   | Killed Fannar
 14533 | Lair:1   | Noticed a death yak
 14541 | Lair:1   | Noticed a death yak
 14585 | Lair:1   | Killed a death yak
 14591 | Lair:1   | Killed a death yak
 14871 | D:8      | Bought the +3 Mad Mage's Maulers {Infuse+∞ RegenMP Int-3}
                  | for 560 gold pieces
 14871 | D:8      | Found the +3 Mad Mage's Maulers {Infuse+∞ RegenMP Int-3}
 15227 | Lair:2   | Noticed Harold
 15250 | Lair:2   | Killed Harold
 15337 | Lair:2   | Found a staircase to the Swamp.
 15354 | Lair:2   | Reached ***** piety under Hepliaklqana
 15525 | Lair:2   | Noticed Maggie
 15531 | Lair:2   | Killed Maggie
 15608 | Lair:2   | Reached skill level 10 in Armour
 15858 | Lair:3   | Noticed Snorg
 15869 | Lair:3   | Killed Snorg
 15931 | Lair:3   | Noticed a death yak
 15943 | Lair:3   | Killed a death yak
 15949 | Lair:3   | Reached XP level 13. HP: 96/105 MP: 17/17
 16086 | Lair:3   | Found the +1 robe of Vines {NoPotionHeal Regen++++}
 16100 | Lair:3   | Reached skill level 12 in Fighting
 16348 | Lair:3   | Found a hole to the Spider Nest.
 17318 | Lair:5   | Entered Level 5 of the Lair of Beasts
 17431 | Lair:5   | Found a staircase to the Slime Pits.
 18261 | Lair:5   | Learned a level 2 spell: Passwall
 18265 | Lair:5   | Learned a level 3 spell: Portal Projectile
 18478 | Lair:5   | Noticed a fire dragon
 18496 | Lair:5   | Killed a fire dragon
 18806 | Lair:5   | Reached XP level 14. HP: 105/114 MP: 19/19
 19075 | Lair:5   | Reached skill level 13 in Fighting
 19091 | Lair:5   | Reached skill level 10 in Stealth
 19772 | D:12     | Reached ****** piety under Hepliaklqana
 20002 | Orc:1    | Entered Level 1 of the Orcish Mines
 20491 | Orc:2    | Entered Level 2 of the Orcish Mines
 20558 | Orc:2    | Found a staircase to the Elven Halls.
 21278 | Orc:2    | Found Satweb's Armour Boutique.
 21278 | Orc:2    | Found Ecveal's Assorted Antiques.
 21279 | Orc:2    | Found Pauquxt's Assorted Antiques.
 21283 | Orc:2    | Found Obrienicwa's Antique Armour Shop.
 21460 | D:7      | Bought the ring of Plog {Str+3 Slay+4} for 1004 gold pieces
 22227 | D:13     | Noticed Nessos
 22230 | D:13     | Killed Nessos
 22380 | D:13     | Noticed Erolcha
 22386 | D:13     | Killed Erolcha
 22476 | D:13     | Reached skill level 10 in Invocations
 23000 | D:13     | Reached XP level 15. HP: 113/123 MP: 21/21
 23130 | D:14     | HP: 3/123 [centaur warrior/arrow (4)]
 23245 | D:14     | Reached skill level 14 in Fighting
 23253 | D:14     | Reached skill level 1 in Translocations
 23546 | D:14     | Noticed Agnes
 23559 | D:14     | Killed Agnes
 23706 | D:14     | Noticed Urug
 23718 | D:14     | Killed Urug
 23744 | D:14     | Found a gate to the Vaults.
 24239 | D:15     | Entered Level 15 of the Dungeon
 24469 | D:15     | Reached skill level 1 in Evocations
 24477 | D:15     | Found a staircase to the Depths.
 24677 | D:15     | Reached skill level 1 in Hexes
 24879 | D:15     | Found a shadowy altar of Dithmenos.
 25257 | Swamp:1  | Entered Level 1 of the Swamp
 25317 | Swamp:1  | Reached XP level 16. HP: 132/132 MP: 23/23
 25578 | Swamp:1  | Noticed Josephine
 25581 | Swamp:1  | Killed Josephine
 25592 | Swamp:1  | Identified the +1 helmet of Space {Harm rC+ rCorr}
 25949 | D:3      | Killed Crazy Yiuf
 26196 | Swamp:1  | Upgraded the game from 0.29-a0-1006-g0dd7720b37 to
                  | 0.29-a0-1008-g949cc1d0fb
 26327 | Swamp:2  | Identified the +9 dagger of the Tomato {vamp, Drain rN+
                  | Dex+2}
 26843 | Swamp:3  | Noticed Bai Suzhen
 27088 | Swamp:3  | Noticed Nikola
 27197 | Swamp:3  | Reached skill level 15 in Fighting
 27351 | Swamp:3  | Killed from afar by Nikola

Illustrated notes

Levels and vault maps discovered:
D:1:      sevenhm_arrival_forest_fort_large_2, layout_loops_ring, serial_shops,
          shop
D:2:      layout_basic, basic_altar
D:3:      layout_rooms, uniq_crazy_yiuf_cottage, uniq_grinder, uniq_terence,
          uniq_robin
D:4:      minmay_inner_zag, layout_layer_cave, minitemple, serial_glass,
          glass_columns_b, glass_columns_a, glass_columns_a, glass_columns_c,
          glass_columns_a, glass_columns_b, gup_sewer_entry_bowl
D:5:      layout_rooms, minmay_temple_entry_from_below_a,
          nicolae_specific_store, uniq_pikel, uniq_ijyb
D:6:      layout_rooms, grunt_decor_junction, grunt_ministairs_9
D:7:      layout_loops_corners, kennysheep_slug_shrine,
          minmay_shop_enchanted_jewellery, minmay_circle_x
D:8:      layout_loops_cross, serial_shops, kennysheep_mini, nicolae_shop_trees,
          shop_statue, nicolae_shop_overgrown_old_shop, nicolae_shop_trees
D:9:      layout_loops_corners, dpeg_lair_monsters, serial_rivers,
          chequers_serial_rivers_room_a, chequers_serial_rivers_micro_c,
          chequers_serial_rivers_micro_c, chequers_serial_rivers_large_b
D:10:     layout_long_grid, uniq_maurice
D:11:     layout_rooms, orc_david_3, nzn_sisyphean_effort
D:12:     layout_roguey
D:13:     minmay_swirls_squares, layout_loops_ring, uniq_nessos, uniq_erolcha
D:14:     layout_loops_cross, david_vaults_3, chequers_arboretum,
          minmay_alternating_orb, uniq_agnes
D:15:     gammafunk_enter_depths_forms, layout_loops_ring,
          grunt_dithmenos_shadows
Lair:1:   lemuel_ratsnest, layout_regular_city, lemuel_fruit_fields, uniq_fannar
Lair:2:   layout_gridlike, swamp_mist, uniq_harold, uniq_maggie
Lair:3:   layout_loops_ring, spider_nest_entry_rubble,
          hellmonk_guarded_unrand_vines, uniq_snorg
Lair:4:   layout_roguey, minivault_24, lemuel_another_geyser
Lair:5:   hangedman_lair_in_review, layout_long_grid, guppyfry_lair_end_dragon,
          minmay_slime_entry_pillars, grunt_forest_large_clearings
Swamp:1:  layout_falls_marsh, hangedman_swamp_ruin_wall, swamp_pool5,
          uniq_josephine
Swamp:2:  layout_basic_swamp, evilmike_swamp_ruin_rubble_2,
          hangedman_swamp_diagram, swamp_pool1
Swamp:3:  layout_basic_swamp, nicolae_swamp_dense_foliage, uniq_nikola,
          uniq_bai_suzhen
Orc:1:    layout_caves, nicolae_orc_lava_room
Orc:2:    st_orc_mages, layout_caves, basic_altar

Skill      XL: |  1  2  3  4  5  6  7  8  9 10 11 12 13 14 15 16 |
---------------+-------------------------------------------------+-----
Stealth        | 1 2 3 4 5 6 7 8 9 10 11 | 11.6
Fighting       | 3 4 5 7 8 9 10 11 12 13 14 15 | 15.0
Dodging        | 3 4 5 6 7 8 9 10 11 12 13 | 13.8
Ranged Weapons | 5 6 7 8 9 10 11 12 13 14 | 14.3
Armour         | 1 4 5 7 8 10 11 12 13 14 | 14.0
Invocations    | 3 4 6 7 9 10 11 | 11.3
Translocations | 2 3 |  3.6
Evocations     | 2 3 |  3.3
Hexes          | 1 2 |  2.4

Action                   |  1- 3 |  4- 6 |  7- 9 | 10-12 | 13-15 | 16-18 || total
-------------------------+-------+-------+-------+-------+-------+-------++-------
Melee: Shortbow          |       |       |     1 |     2 |       |       ||     3
       Headbutt          |       |       |       |     1 |       |       ||     1
       Arbalest          |       |       |       |       |     1 |       ||     1
 Fire: Shortbow          |   101 |   147 |   421 |   449 |   101 |       ||  1219
       Arbalest          |       |       |       |    97 |   763 |   178 ||  1038
       Longbow           |       |       |       |       |   122 |       ||   122
Invok: Ancestor Identity |       |       |     2 |       |       |       ||     2
       Recall Ancestor   |       |       |     1 |     1 |     2 |     2 ||     6
       Ancestor Life: Kn |       |       |     1 |       |       |       ||     1
       Idealise          |       |       |       |       |     1 |       ||     1
       Transference      |       |       |       |       |     1 |       ||     1
  Use: Scroll            |     1 |       |     7 |     8 |    13 |     3 ||    32
       Potion            |       |       |     2 |     1 |     2 |       ||     5
Armor: Leather armour    |     8 |     5 |     1 |       |       |       ||    14
       Ring mail         |       |       |    70 |     5 |       |       ||    75
       Scale mail        |       |       |       |    68 |   338 |    40 ||   446
Dodge: Dodged            |    27 |    22 |   132 |   137 |   623 |    41 ||   982

Table legend: (Time is in decaauts)
 A = Elapsed time spent in this place.
 B = Non-inter-level travel time spent in this place.
 C = Inter-level travel time spent in this place.
 D = Time resting spent in this place.
 E = Time spent auto-exploring this place.
 F = Levels seen in this place.
 G = Mean time per level.
                   A        B        C        D        E       F      G
               +--------+--------+--------+--------+--------+-----+--------+
         Total |  28260 |  25421 |   2839 |   1294 |  18742 |  26 | 1086.9 |
       Dungeon |  18317 |  16439 |   1878 |   1180 |  12147 |  15 | 1221.1 |
          Lair |   5573 |   4924 |    649 |      5 |   3659 |   5 | 1114.6 |
         Swamp |   1729 |   1560 |    169 |     37 |   1110 |   3 |  576.3 |
  Orcish Mines |   1852 |   1711 |    141 |     72 |   1171 |   2 |  926.0 |
         Sewer |    788 |    788 |      0 |      0 |    654 |   1 |  788.0 |
               +--------+--------+--------+--------+--------+-----+--------+

Top non-repeatable levels by time:
     D:9: 2820 daAuts
     D:4: 2093 daAuts
  Lair:5: 1732 daAuts
     D:7: 1695 daAuts
     D:2: 1370 daAuts
    D:10: 1176 daAuts
    D:13: 1150 daAuts
  Lair:1: 1106 daAuts
     D:1: 1074 daAuts
  Lair:3: 1054 daAuts
    D:14: 1052 daAuts
  Lair:2: 1028 daAuts
    D:11: 983 daAuts
     D:8: 967 daAuts
   Orc:2: 944 daAuts
